 Dungeon Crawl Stone Soup version 0.23-a0-359-g9beedce (webtiles) character file.

2585 Ijustatesigmund the Shield-Bearer (level 9, -1/58 HPs)
             Began as an Octopode Conjurer on Oct 22, 2018.
             Was an Initiate of Cheibriados.
             Slain by a two-headed ogre
             ... wielding a +0 giant club
              (25 damage)
             ... on level 8 of the Dungeon on Oct 23, 2018.
             The game lasted 00:27:45 (11352 turns).

Ijustatesigmund the Shield-Bearer (OpCj)           Turns: 11352, Time: 00:27:46

Health: -1/58      AC:  8    Str:  8    XL:     9   Next: 58%
Magic:  8/13       EV: 14    Int: 18    God:    Cheibriados [......]
Gold:   396        SH: 10    Dex: 17    Spells: 8/14 levels left

rFire    . . .     SeeInvis .   j - +0 mace (protect)
rCold    . . .     Gourm    .   p - +0 buckler
rNeg     . . .     Faith    .   (helmet restricted)
rPois    .         Spirit   .   q - +4 amulet of reflection
rElec    .         Reflect  +   g - ring of protection from magic
rCorr    .         Harm     .   t - ring of wizardry
MR       +....                  h - ring of stealth
Stlth    +++++.....             (no ring)
HPRegen  0.19/turn              (no ring)
MPRegen  0.13/turn              (no ring)
                                (no ring)
                                (no ring)

@: protection aura, very slow
A: almost no armour, stealthy swim, amphibious, 8 rings, constrict 8, camouflage
1, gelatinous body 1
a: Bend Time, Renounce Religion


You were on level 8 of the Dungeon.
You worshipped Cheibriados.
Cheibriados was noncommittal.
You were not hungry.

You visited 1 branch of the dungeon, and saw 8 of its levels.

You collected 396 gold pieces.

Inventory:

Hand Weapons
 j - a +0 mace of protection (weapon)
Missiles
 s - a throwing net (quivered)
Armour
 p - a +0 buckler (worn)
Jewellery
 g - a ring of protection from magic (left tentacle)
 h - a ring of stealth (on tentacle)
 q - a +4 amulet of reflection (around mantle)
 t - a ring of wizardry (right tentacle)
 v - an uncursed ring of ice
Wands
 n - a wand of paralysis (17)
Scrolls
 c - 3 scrolls of amnesia
 k - 2 scrolls of remove curse
Potions
 a - a potion of flight
 d - a potion of invisibility
 e - 2 potions of mutation {unknown}
 f - 2 potions of haste {unknown}
 i - 3 potions of degeneration {unknown}
 l - 3 potions of curing
 m - a potion of brilliance {unknown}
 o - a potion of cancellation {unknown}
Comestibles
 b - 10 rations


   Skills:
 + Level 4.0 Fighting
 + Level 4.7 Maces & Flails
 + Level 2.9 Dodging
 - Level 4.3 Stealth
 - Level 7.1 Shields
 - Level 3.1 Spellcasting
 - Level 5.5 Conjurations
 - Level 4.6 Hexes
 + Level 1.1 Invocations
 - Level 2.5 Evocations


You had 8 spell levels left.
You knew the following spells:

 Your Spells              Type           Power        Failure   Level  Hunger
a - Magic Dart            Conj           ###.         1%          1    None
b - Searing Ray           Conj           ###...       1%          2    ##.....
c - Dazzling Spray        Conj/Hex       ###...       2%          3    ###....

Your spell library contained the following spells:

 Spells                   Type           Power        Failure   Level  Hunger
 Iskenderun's Mystic Bla  Conj           ###.....     6%          4    ####...
 Fulminant Prism          Conj/Hex       ###.......   9%          4    ####...
 Force Lance              Conj/Tloc      ##......     21%         4    ####...


Dungeon Overview and Level Annotations

Branches:
Dungeon (8/15)             Temple (0/1) D:5            Lair (0/6) D:8

Altars:
Cheibriados
Dithmenos
Nemelex Xobeh
Okawaru
Xom

Annotations:
D:7 Duvessa


Innate Abilities, Weirdness & Mutations

You cannot wear most types of armour.
You are very stealthy in the water. (Stealth+)
You are amphibious.
You can wear up to eight rings at the same time.
You can use your tentacles to constrict eight enemies at once.
Your skin changes colour to match your surroundings (Stealth+).
Your rubbery body absorbs attacks. (AC +1, EV +1)


Message History

The centaur is severely wounded.
The centaur barely misses you. x2
You strike the helpless centaur from behind!
You hit the centaur.
The centaur is severely wounded.
The centaur hits you. You block the centaur's attack.
You hit the centaur but do no damage.
The centaur is severely wounded.
The centaur misses you. You block the centaur's attack.
You strike the helpless centaur from behind!
You hit the centaur but do no damage. You squeeze the centaur.
You kill the centaur!
Cheibriados thoroughly appreciates the change of pace.
Your life force feels restored.
Your Fighting skill increases to level 4!
Your Invocations skill increases to level 1!
You block the two-headed ogre's attack. x2
The two-headed ogre closely misses you.
The two-headed ogre hits you with a +0 giant spiked club!!
You die...

#.#.# #.###########.#
#.#.#####.#...........#
#...........###########
#.#######..### ##.#
#........#
#..########.###...#
#............# ##
#.....###...)#
##.#...≈..@#.#
##..#...#.O##
#.##P..##.# #......P..#
#≈..P>...≈# #..PP.P...#
#.##.P.##.# ... ..# ..≈
.#.


You could see a two-headed ogre.

Vanquished Creatures
  Sigmund (D:3)
  Menkaure (D:7)
  A sky beast (D:5)
  2 phantoms (D:5)
  5 ogres
  A black bear (D:7)
  3 centaurs
  A bullfrog (D:3)
  A gnoll sergeant (D:5)
  A water moccasin zombie (D:5)
  A scorpion (D:4)
  Dowan (D:7)
  3 wights (D:6)
  2 howler monkeys
  2 bullfrog zombies
  2 crimson imps (D:5)
  A centaur skeleton (D:5)
  A bullfrog skeleton (D:6)
  Jessica (D:3)
  An iguana (D:4)
  3 orc wizards
  6 worker ants
  2 hound skeletons
  14 gnolls
  7 adders
  2 adder skeletons
  2 worms
  A dart slug (D:3)
  4 leopard geckos
  18 orcs
  7 giant cockroaches
  11 goblins
  10 hobgoblins
  2 jackals (D:5)
  2 quokkas
  A ball python (D:2)
  9 bats
  2 frilled lizards
  A jackal zombie (D:5)
  10 kobolds
  A leopard gecko zombie (D:6)
  9 rats
156 creatures vanquished.

Vanquished Creatures (others)
  2 fungi (D:8)
  A plant (D:8)
3 creatures vanquished.

Grand Total: 159 creatures vanquished

Notes
Turn   | Place    | Note
-------+----------+-------------------------------------------
     0 | D:1      | Ijustatesigmund the Octopode Conjurer began the quest for
                  | the Orb.
     0 | D:1      | Reached XP level 1. HP: 11/11 MP: 3/3
   570 | D:1      | Reached XP level 2. HP: 9/17 MP: 0/5
   725 | D:1      | Learned a level 2 spell: Searing Ray
  1784 | D:1      | Reached XP level 3. HP: 21/21 MP: 6/6
  1899 | D:2      | Reached skill level 5 in Conjurations
  1978 | D:2      | Reached XP level 4. HP: 18/27 MP: 3/7
  2030 | D:2      | Learned a level 3 spell: Dazzling Spray
  2123 | D:2      | Reached skill level 1 in Hexes
  2225 | D:2      | Found an iron altar of Okawaru.
  3026 | D:3      | Noticed Jessica
  3030 | D:3      | Killed Jessica
  3030 | D:3      | Reached XP level 5. HP: 31/31 MP: 3/8
  3033 | D:3      | Noticed Sigmund
  3195 | D:3      | Killed Sigmund
  3195 | D:3      | Reached XP level 6. HP: 31/39 MP: 2/9
  3411 | D:3      | Found a shimmering altar of Xom.
  3716 | D:3      | Reached skill level 1 in Maces & Flails
  4493 | D:4      | Reached XP level 7. HP: 45/45 MP: 2/10
  6445 | D:5      | Entered Level 5 of the Dungeon
  6513 | D:4      | Upgraded the game from 0.23-a0-358-g98c7a59 to
                  | 0.23-a0-359-g9beedce
  6985 | D:5      | Reached skill level 2 in Shields
  6985 | D:5      | Reached XP level 8. HP: 50/50 MP: 12/12
  7010 | D:5      | Reached skill level 3 in Shields
  7225 | D:5      | Reached skill level 4 in Shields
  7434 | D:5      | Found a snail-covered altar of Cheibriados.
  7597 | D:5      | Reached skill level 5 in Shields
  7721 | D:5      | Reached skill level 6 in Shields
  8509 | D:5      | Found a staircase to the Ecumenical Temple.
  8766 | D:6      | Reached skill level 7 in Shields
  8798 | D:6      | Reached XP level 9. HP: 44/54 MP: 1/13
  8913 | D:6      | Reached skill level 1 in Evocations
  9077 | D:6      | Found a sparkling altar of Nemelex Xobeh.
  9100 | D:6      | Found the +3 pair of gauntlets of War {Slay+5}
  9758 | D:6      | Found a shadowy altar of Dithmenos.
 10836 | D:7      | Noticed Menkaure
 10841 | D:7      | Killed Menkaure
 10994 | D:5      | Became a worshipper of Cheibriados the Contemplative
 11084 | D:7      | Noticed Dowan
 11086 | D:7      | Noticed Duvessa
 11095 | D:7      | Killed Dowan
 11261 | D:8      | Noticed a two-headed ogre
 11328 | D:8      | Found a staircase to the Lair.
 11350 | D:8      | Reached skill level 1 in Invocations
 11352 | D:8      | Slain by a two-headed ogre

Vault maps used:
D:1:      scummos_arrival_star, serial_bayou_pond_a, minmay_misc_feat_x,
          solitary_fountain, minmay_cupped
D:2:      first_ration, st_stairs_6, nrook_loot_triangle,
          okawaru_altar_gauntlet_db
D:3:      marbit_many_paths, uniq_jessica, uniq_sigmund
D:5:      kennysheep_mini_moat, minmay_temple_entry_poolview
D:6:      grunt_dithmenos_smoke_and_mirrors, basic_altar, dk_noncrumbling_4
D:7:      gammafunk_temple_overflow_wave, serial_shops, shop,
          corexii_item_surrounded_by_moat, grunt_livestock,
          minmay_a_box_with_orc_wizards_in_it, uniq_menkaure, uniq_duvessa
D:8:      lemuel_mausoleum_altar_yredelemnul, dpeg_oklobed_lair, basic_altar,
          minmay_fountain_box, tgw_kikubaaqudgha, uniq_pikel

Skill      XL: |  1  2  3  4  5  6  7  8  9 |
---------------+----------------------------+-----
Conjurations   | 5 |  5.5
Hexes          | 2 3 4 |  4.6
Fighting       | 2 4 |  4.0
Stealth        | 4 |  4.3
Maces & Flails | 2 3 4 |  4.7
Spellcasting   | 3 |  3.1
Shields        | 2 7 |  7.1
Evocations     | 2 |  2.5
Invocations    | 1 |  1.1
Dodging        | |  2.9

Action                   |  1- 3 |  4- 6 |  7- 9 || total
-------------------------+-------+-------+-------++-------
Melee: Unarmed           |    12 |       |       ||    12
       Tentacles         |     9 |     6 |    34 ||    49
       Constrict         |     8 |     8 |    25 ||    41
       Short sword       |     3 |       |       ||     3
       Mace              |    16 |    39 |   149 ||   204
 Cast: Magic Dart        |    45 |    82 |   252 ||   379
       Searing Ray       |       |     2 |     9 ||    11
       Dazzling Spray    |       |     2 |     8 ||    10
Evoke: Wand              |       |       |    13 ||    13
  Use: Scroll            |     3 |     4 |     4 ||    11
       Potion            |       |       |     3 ||     3
 Stab: Invisible         |       |     2 |     5 ||     7
       Sleeping          |       |     3 |     2 ||     5
       Paralysed         |       |       |    23 ||    23
       Distracted        |       |       |     1 ||     1
  Eat: Chunk             |     4 |     8 |    13 ||    25
       Ration            |       |       |     4 ||     4
Armor: Skin              |     7 |    11 |    18 ||    36
Dodge: Dodged            |    27 |    43 |   107 ||   177
Block: Buckler           |       |       |    87 ||    87
       Reflection        |       |       |     4 ||     4

Table legend:
 A = Non-vault XP
 B = Vault XP
 C = Vault XP percentage of total XP
 D = Non-vault monster count
 E = Vault monster count
 F = Vault count percentage of total count
                 A         B        C        D         E       F
            +---------+---------+-------+---------+---------+-------
      Total |    3182 |     512 |  13.9 |     142 |      14 |   9.0
            +---------+---------+-------+---------+---------+-------
        D:1 |      32 |       2 |   5.9 |      22 |       1 |   4.3
        D:2 |      89 |      30 |  25.2 |      18 |       8 |  30.8
        D:3 |     200 |     248 |  55.4 |      26 |       3 |  10.3
        D:4 |     297 |       0 |   0.0 |      17 |       0 |   0.0
        D:5 |    1347 |       0 |   0.0 |      28 |       0 |   0.0
        D:6 |     838 |       0 |   0.0 |      26 |       0 |   0.0
        D:7 |     267 |     232 |  46.5 |       4 |       2 |  33.3
        D:8 |     112 |       0 |   0.0 |       1 |       0 |   0.0
            +---------+---------+-------+---------+---------+-------
